 Dungeon Crawl Stone Soup version 0.26.0-10-g1f06aea511 (console) character file.

Game seed: 2973910962921306448

16 doot the Digger (level 2, -1/17 HPs)
             Began as an Octopode Earth Elementalist on Jan 28, 2021.
             Slain by a hound (3 damage)
             ... on level 2 of the Dungeon.
             The game lasted 00:01:22 (1059 turns).

doot the Digger (Octopode Earth Elementalist)       Turns: 1059, Time: 00:01:22

Health: -1/17      AC:  1    Str:  7    XL:     2   Next: 54%
Magic:  2/5        EV: 13    Int: 17    God:
Gold:   39         SH:  0    Dex: 12    Spells: 4/5 levels left

rFire    . . .     SeeInvis .   (no weapon)
rCold    . . .     Faith    .   (no shield)
rNeg     . . .     Spirit   .   (helmet restricted)
rPois    .         Reflect  .   (no amulet)
rElec    .         Harm     .   (no ring)
rCorr    .         Rampage  .   (no ring)
Will     .....                  (no ring)
Stlth    +++.......             (no ring)
HPRegen  0.05/turn              (no ring)
MPRegen  0.09/turn              (no ring)
                                (no ring)
                                (no ring)

@: no status effects
A: almost no armour, stealthy swim, amphibious, 8 rings, constrict 8, camouflage
1, gelatinous body 1
a: no special abilities


You were on level 2 of the Dungeon.
You visited 1 branch of the dungeon, and saw 2 of its levels.

You collected 39 gold pieces.

Inventory:

Missiles
 b - 34 stones
Scrolls
 a - 3 scrolls of remove curse {unknown}
 c - a scroll of magic mapping {unknown}
 d - a scroll of identify {unknown}


   Skills:
 + Level 2.1 Dodging
 + Level 3.2 Stealth
 + Level 2.0 Spellcasting
 + Level 1.0 Transmutations
 + Level 3.4 Earth Magic


You had 4 spell levels left.
You knew the following spells:

 Your Spells              Type           Power        Failure   Level
a - Sandblast             Erth           26%          4%          1

Your spell library contained the following spells:

 Spells                   Type           Power        Failure   Level
 Passwall                 Tmut/Erth      7%           12%         2
 Stone Arrow              Conj/Erth      14%          28%         3
 Petrify                  Tmut/Erth      9%           58%         4
 Lee's Rapid Deconstruct  Erth           6%           78%         5


Dungeon Overview and Level Annotations

Branches:
Dungeon (2/15)

Altars:


Innate Abilities, Weirdness & Mutations

You cannot wear most types of armour.
You are very stealthy in the water. (Stealth+)
You are amphibious.
You can wear up to eight rings at the same time.
You can use your tentacles to constrict eight enemies at once.
Your skin changes colour to match your surroundings (Stealth+).
Your rubbery body absorbs attacks. (AC +1, EV +1)


Message History

The hound bites you but does no damage. The worker ant misses you.
Found a stone staircase leading down.
A leopard gecko comes into view.
The hound closely misses you.
Found a fuming golden potion.
The hound bites you.
* * * LOW HITPOINT WARNING * * *
The hound closely misses you.
Found a scroll labelled KIATOU YTSYPP.
Found a stone staircase leading down.
The hound misses you.
Casting: Sandblast (safe; 4% risk of failure)
Confirm with . or Enter, or press ? or * to list all spells.
Aiming: Sandblast (safe; 4% risk of failure)
Press: ? - help, Shift-Dir - straight line, f/p - hound
Aim: a hound (heavily wounded, 29% to evade)
The blast of sand misses the hound.
The blast of sand hits the giant cockroach!
You kill the giant cockroach!
The hound bites you.
You die...

#?§§§ #.§≈ #> #. ..§
#.###.# #.# #......
###.# #.....# #...#
#...$.###!#l####.#... .
##.........B†h@.......
..#.......#.##.###..#...
...?....)...##.# ##
..........####.#
..!.......# #.#
..........# #.#
..........# #>#
..........# ...
..........# ...!..!...#
...........


You could see a hound, a worker ant and a leopard gecko.

Vanquished Creatures
  4 giant cockroaches
  3 goblins (D:1)
  2 hobgoblins (D:1)
  A ball python (D:1)
  A frilled lizard (D:1)
  4 kobolds (D:1)
15 creatures vanquished.

Notes
Turn   | Place    | Note
-------+----------+-------------------------------------------
     0 | D:1      | doot the Octopode Earth Elementalist began the quest for
                  | the Orb.
     0 | D:1      | Reached XP level 1. HP: 11/11 MP: 3/3
   690 | D:1      | Reached XP level 2. HP: 17/17 MP: 3/5
  1059 | D:2      | Slain by a hound

Illustrated notes

Levels and vault maps discovered:
D:1:      lemuel_arrival_cross, layout_loops_cross, minmay_misc_feat_rows
D:2:      layout_rooms, general_overflow_altar, chequers_serial_rivers_room_a,
          grunt_ministairs_13, uniq_natasha

Skill      XL: |  1 |
---------------+----+-----
Stealth        | 3 |  3.2
Dodging        | |  2.1
Spellcasting   | |  2.0
Transmutations | |  1.0
Earth Magic    | |  3.4

Action                   || total
-------------------------++-------
 Cast: Sandblast         ||    23
Armor: Skin              ||     2
Dodge: Dodged            ||     7
